AoeStats
← MattAtArms

Arabia

507365423Analyzed
1v1 RM · 15d ago on Sep 17, 2026· 23m 44s· 2 players
Game mode
Random Map
Map size
Tiny (2 player)
Population
200
Speed
Normal
Resources
Standard
Victory
Conquest
Starting age
Dark Age
Ending age
Imperial Age
RankedLock teamsTeams togetherTeam positionsShared explorationLock speedFull tech treeHidden civsTurbo modeCheats
Victory
Defeat
🇺🇸 Vikings · United States
1851
+18
🇬🇧 Slavs · United Kingdom
1898
-18
BB3097790
6:21 Loom
8:42 Feudal Age
8:55 Man-at-Arms
9:23 Double-Bit Axe
14:07 Fletching
15:03 Horse Collar
16:04 Padded Archer Armor
21:12 Castle Age
21:16 Crossbowman
21:52 Bodkin Arrow
22:15 Bow Saw
23:38 Town Watch
MattAtArms
5:46 Loom
9:24 Feudal Age
9:25 Man-at-Arms
9:51 Double-Bit Axe
12:40 Fletching
19:49 Castle Age
19:02 Horse Collar
20:07 Crossbowman
21:55 Bodkin Arrow
23:50 Padded Archer Armor
Connection lost

Rejoining the realm…

Still unreachable

The connection could not be restored.

Session expired

The server has moved on; the page needs a fresh start.